 Dungeon Crawl Stone Soup version 0.21.1-1-g345015f (webtiles) character file.

6241 inc the Blocker (level 10, 0/56 HPs)
             Began as an Octopode Ice Elementalist on June 17, 2018.
             Was an Initiate of Gozag.
             Slain by a manticore (18 damage)
             ... on level 11 of the Dungeon.
             The game lasted 00:24:07 (12024 turns).

inc the Blocker (Octopode Ice Elementalist)        Turns: 12024, Time: 00:24:08

Health: 0/56       AC:  9    Str:  7    XL:     10   Next: 93%
Magic:  13/13      EV: 13    Int: 20    God:    Gozag
Gold:   841        SH: 16    Dex: 17    Spells: 9/13 levels left

rFire    . . .     SeeInvis .   B - +7 short sword of Action {drain, *Drain rPois rC+ Dex+3}
rCold    + . .     Gourm    .   l - +5 shield
rNeg     . . .     Faith    .   (helmet restricted)
rPois    +         Spirit   .   (no amulet)
rElec    .         Reflect  .   D - ring of resist corrosion
rCorr    +         Harm     .   (no ring)
MR       .....                  x - ring of loudness
Stlth    ++........             (no ring)
HPRegen  0.18/turn              (no ring)
MPRegen  0.13/turn              (no ring)
                                (no ring)
                                (no ring)

@: icy armour, gold aura, slow
A: almost no armour, stealthy swim, amphibious, 8 rings, constrict 8, antennae
1, molten scales 1, camouflage 1, gelatinous body 1
a: Potion Petition, Call Merchant, Bribe Branch, Renounce Religion


You were on level 11 of the Dungeon.
You worshipped Gozag.
Gozag was pleased with you.
You were very hungry.

You visited 2 branches of the dungeon, and saw 12 of its levels.
You also visited: Ossuary.

You collected 974 gold pieces.
You paid 133 gold pieces to Gozag.

Inventory:

Hand Weapons
 g - a +3 dagger of speed
 j - a +2 dagger of draining
 s - a +0 dagger of protection
 B - the +7 short sword of Action (weapon) {drain, *Drain rPois rC+ Dex+3}
   (You found it on level 6 of the Dungeon)

   A truly terrible weapon, it drains the life of those it strikes.
   It affects your dexterity (+3).
   It protects you from cold.
   It protects you from poison.
   It causes draining when unequipped.
 I - the cursed +1 dagger "Pationk" {freeze, rF- rN+ Str+6 Dex+4}
   (You found it on level 7 of the Dungeon)

   It has been specially enchanted to freeze those struck by it, causing extra
   injury to most foes and up to half again as much damage against particularly
   susceptible opponents.
   It can also slow down cold-blooded creatures.
   It affects your strength (+6).
   It affects your dexterity (+4).
   It makes you vulnerable to fire.
   It protects you from negative energy.
   It has a curse placed upon it.
Missiles
 t - 4 curare-tipped needles
 v - 70 poisoned needles
Armour
 l - a +5 shield (worn)
Jewellery
 q - an uncursed ring of poison resistance
 x - a ring of loudness (on tentacle)
 A - an uncursed ring of fire
 D - a ring of resist corrosion (left tentacle)
Wands
 F - a wand of enslavement (10)
 G - a wand of acid (5)
 J - a wand of paralysis (15)
 O - a wand of random effects (33)
Scrolls
 d - 7 scrolls of remove curse
 h - 8 scrolls of teleportation
 k - 3 scrolls of amnesia
 m - 2 scrolls of blinking
 p - 7 scrolls of enchant weapon
 y - a scroll of vulnerability {unknown}
 K - 2 scrolls of immolation {unknown}
 L - 2 scrolls of identify
 M - a scroll of noise
 P - a scroll of fog {unknown}
Potions
 b - 3 potions of flight
 e - a potion of brilliance {unknown}
 f - 3 potions of curing
 i - a potion of might {unknown}
 n - 5 potions of agility
 o - 3 potions of lignification
 r - a potion of degeneration
 u - 3 potions of magic
 w - a potion of ambrosia
 z - a potion of berserk rage {unknown}
 C - a potion of mutation
 H - a potion of haste {unknown}
Books
 a - a book of Frost

   Spells                             Type                      Level
   a - Freeze                         Ice                          1
   b - Throw Frost                    Conjuration/Ice              2
   c - Ozocubu's Armour               Charms/Ice                   3
   d - Throw Icicle                   Conjuration/Ice              4
   e - Summon Ice Beast               Ice/Summoning                4
 E - a book of Necromancy

   Spells                             Type                      Level
   a - Pain                           Necromancy                   1
   b - Animate Skeleton               Necromancy                   1
   c - Vampiric Draining              Necromancy                   3
   d - Regeneration                   Charms/Necromancy            3
   e - Animate Dead                   Necromancy                   4
   f - Borgnjor's Vile Clutch         Necromancy/Earth             5
 N - a book of Necromancy

   Spells                             Type                      Level
   a - Pain                           Necromancy                   1
   b - Animate Skeleton               Necromancy                   1
   c - Vampiric Draining              Necromancy                   3
   d - Regeneration                   Charms/Necromancy            3
   e - Animate Dead                   Necromancy                   4
   f - Borgnjor's Vile Clutch         Necromancy/Earth             5
Comestibles
 c - 22 rations


   Skills:
 - Level 9.4 Short Blades
 - Level 2.0 Dodging
 - Level 2.6 Stealth
 + Level 11.8 Shields
 - Level 2.0 Spellcasting
   Level 1.0 Conjurations
 - Level 3.4 Charms
 - Level 4.5 Ice Magic


You had 9 spell levels left.
You knew the following spells:

 Your Spells              Type           Power        Failure   Level  Hunger
a - Freeze                Ice            ###.         3%          1    #......
b - Ozocubu's Armour      Chrm/Ice       ###.....     13%         3    ###....


Dungeon Overview and Level Annotations

Branches:
Dungeon (11/15)            Temple (1/1) D:7
   Lair: D:8-11         Orc: D:9-12

Altars:
Ashenzari
Cheibriados
Dithmenos
Elyvilon
Fedhas
Gozag
Hepliaklqana
Kikubaaqudgha
Makhleb
Nemelex Xobeh
Okawaru
Qazlal
Ru
Sif Muna
Trog
Uskayaw
Vehumet
Wu Jian
Xom
Yredelemnul
Zin
The Shining One

Shops:
D:7 *   D:8 !   D:9 *

Annotations:
D:3 inc's ghost, amateur OpIE
D:6 Tiareth's ghost, novice DEMo


Innate Abilities, Weirdness & Mutations

You cannot wear most types of armour.
You are very stealthy in the water. (Stealth+)
You are amphibious.
You can wear up to eight rings at the same time.
You can use your tentacles to constrict eight enemies at once.
Your skin changes colour to match your surroundings (Stealth+).
Your rubbery body absorbs attacks. (AC +1, EV +1)
You have a pair of small antennae on your head.
You are partially covered in molten scales. (AC +2)


Message History

You hit the yak. You drain the yak!
The yak is no longer distracted by gold.
The yak is severely wounded.
The manticore bites you! The manticore claws you. x2
* * * LOW HITPOINT WARNING * * *
Unknown command.
You hit the yak. Your squeeze misses the yak.
The yak is almost dead.
The yak gores you.
* * * LOW HITPOINT WARNING * * *
Unknown command.
You feel better. The manticore closely misses you.
The manticore barely misses you. You block the manticore's attack.
The yak gores you.
Unknown command.
You hit the yak. You drain the yak! You squeeze the yak, but do no damage.
The yak is almost dead.
The manticore bites you!!
You die...
Your body crumbles into a pile of gold.

#.###.###
#H#.....#######
##
...#.#.#.....#
... #..
.........#
....#..
........# .....
#.......#
#..###.......#
#..H@Y<.#
#.#.###### ##


You could see a manticore and a yak.

Vanquished Creatures
  Pikel (D:6)
  Maurice (D:9)
  2 hippogriffs
  6 yaks
  4 hogs (D:9)
  A human (D:9)
  Grum (D:9)
  2 orc warriors
  A sky beast (D:9)
  2 ice beasts
  3 phantoms
  4 ogres
  2 black bears
  2 wolves (D:9)
  An elf zombie (Ossuary)
  2 big kobolds (D:7)
  2 bullfrogs
  A gnoll sergeant (D:8)
  3 scorpions
  A howler monkey (D:4)
  2 centaur zombies (Ossuary)
  A crimson imp (D:9)
  5 hounds
  2 human zombies (Ossuary)
  3 orc priests (D:3)
  3 iguanas
  A jelly (D:9)
  10 orc wizards
  A bullfrog skeleton (D:4)
  6 worker ants
  4 mummies
  A worker ant zombie (D:8)
  12 adders
  4 gnolls
  2 shadow imps
  2 oozes (D:2)
  6 adder zombies
  4 worms
  4 leopard geckos
  36 orcs
  7 giant cockroaches
  8 goblins
  4 hobgoblins
  6 jackals
  2 quokkas
  4 bats
  11 frilled lizards
  4 goblin zombies (Ossuary)
  2 hobgoblin zombies (Ossuary)
  3 jackal zombies (Ossuary)
  23 kobolds
  4 kobold zombies (Ossuary)
  2 leopard gecko skeletons (D:4)
  5 orc zombies (Ossuary)
  A quokka skeleton (D:7)
  4 quokka zombies (Ossuary)
  5 rats
  2 rat zombies (Ossuary)
248 creatures vanquished.

Vanquished Creatures (others)
  2 slaves (D:6)
  A bullfrog zombie (D:6)
  2 orcs
5 creatures vanquished.

Grand Total: 253 creatures vanquished

Notes
Turn   | Place    | Note
-------+----------+-------------------------------------------
     0 | D:1      | inc the Octopode Ice Elementalist began the quest for the Orb.
     0 | D:1      | Reached XP level 1. HP: 11/11 MP: 3/3
   312 | D:1      | Reached XP level 2. HP: 8/17 MP: 0/5
  1072 | D:1      | Reached XP level 3. HP: 19/21 MP: 6/6
  1077 | D:1      | Learned a level 3 spell: Ozocubu's Armour
  1704 | D:2      | Reached skill level 1 in Shields
  1704 | D:2      | Reached XP level 4. HP: 9/27 MP: 5/7
  2532 | D:3      | Noticed inc's ghost (amateur OpIE)
  3130 | D:4      | Reached skill level 2 in Shields
  3160 | D:4      | Reached XP level 5. HP: 21/31 MP: 8/8
  3267 | D:3      | Reached skill level 3 in Shields
  3407 | D:4      | Found a sand-covered staircase.
  3408 | D:4      | Noticed an orc warrior
  3413 | Ossuary  | Entered an ossuary
  3672 | Ossuary  | Reached skill level 4 in Shields
  3672 | Ossuary  | Reached XP level 6. HP: 23/36 MP: 9/9
  3907 | Ossuary  | Reached skill level 5 in Shields
  4191 | Ossuary  | Reached XP level 7. HP: 24/41 MP: 10/10
  5635 | D:4      | Reached skill level 6 in Shields
  6226 | D:4      | Reached XP level 8. HP: 46/46 MP: 11/11
  6265 | D:5      | Entered Level 5 of the Dungeon
  6365 | D:5      | Reached skill level 7 in Shields
  6711 | D:5      | Found a sacrificial altar of Ru.
  7083 | D:5      | Found a shadowy altar of Dithmenos.
  7137 | D:5      | Reached skill level 8 in Shields
  7210 | D:6      | Noticed Pikel
  7241 | D:6      | Found a stormy altar of Qazlal.
  7266 | D:6      | Got an ivory short sword
  7267 | D:6      | Identified the +7 short sword of Action {drain, *Drain rPois rC+ Dex+3} (You found it on level 6 of the Dungeon)
  7299 | D:6      | Killed Pikel
  7299 | D:6      | Reached skill level 9 in Shields
  7538 | D:6      | Noticed Tiareth's ghost (novice DEMo)
  7578 | D:6      | Reached XP level 9. HP: 51/51 MP: 10/12
  7661 | D:6      | Noticed a two-headed ogre
  7935 | D:6      | Reached skill level 10 in Shields
  8403 | D:7      | Found a shattered altar of Ashenzari.
  8433 | D:7      | Got a translucent dagger
  8434 | D:7      | Identified the cursed +1 dagger "Pationk" {freeze, rF- rN+ Str+6 Dex+4} (You found it on level 7 of the Dungeon)
  8705 | D:7      | Reached skill level 11 in Shields
  8881 | D:7      | Found Elatuz's General Store.
  9133 | D:7      | Found a staircase to the Ecumenical Temple.
  9148 | Temple   | Entered the Ecumenical Temple
  9387 | Temple   | Became a worshipper of Gozag Ym Sagoz the Greedy
  9705 | D:8      | Found Viulaokh's Distillery.
  9739 | D:8      | Gained mutation: You have a pair of small antennae on your head. [potion of mutation]
  9739 | D:8      | Gained mutation: You are partially covered in molten scales. (AC +2) [potion of mutation]
  9871 | D:8      | Reached skill level 1 in Short Blades
  9974 | D:8      | Found a hide-covered altar of Uskayaw.
  9985 | D:8      | Found a snail-covered altar of Cheibriados.
 10235 | D:8      | Reached XP level 10. HP: 55/56 MP: 13/13
 10482 | D:9      | Reached skill level 5 in Short Blades
 10606 | D:9      | Found Wubribal's Assorted Antiques.
 10650 | D:9      | Noticed Grum
 10661 | D:9      | Killed Grum
 10769 | D:9      | Noticed Maurice
 10776 | D:9      | Killed Maurice
 11070 | D:10     | Entered Level 10 of the Dungeon
 12006 | D:11     | Noticed a manticore
 12024 | D:11     | Slain by a manticore

Skill      XL: |  1  2  3  4  5  6  7  8  9 10 |
---------------+-------------------------------+-----
Ice Magic      | 4 |  4.5
Shields        | 1 2 4 5 6 9 11 | 11.8
Charms         | 2 3 |  3.4
Short Blades   | 4 9 |  9.4
Dodging        | |  2.0
Stealth        | |  2.6
Spellcasting   | |  2.0
Conjurations   | |  1.0

Action                   |  1- 3 |  4- 6 |  7- 9 | 10-12 || total
-------------------------+-------+-------+-------+-------++-------
Melee: Dagger            |    73 |   223 |   137 |       ||   433
       Unarmed           |     1 |       |       |       ||     1
       Constrict         |    14 |    48 |    65 |    17 ||   144
       Tentacles         |    14 |    38 |    69 |    32 ||   153
       Short sword       |       |       |   198 |   147 ||   345
 Cast: Freeze            |    15 |     9 |    45 |     3 ||    72
       Ozocubu's Armour  |     2 |       |    19 |     7 ||    28
  Use: Scroll            |       |     8 |    14 |     1 ||    23
       Potion            |       |       |     3 |     1 ||     4
 Stab: Sleeping          |     4 |     7 |    10 |     1 ||    22
       Distracted        |       |       |       |     1 ||     1
  Eat: Chunk             |     2 |     6 |    14 |       ||    22
       Ration            |       |     1 |     4 |       ||     5
Armor: Skin              |     4 |     7 |    18 |     4 ||    33
Dodge: Dodged            |    36 |    63 |    91 |    26 ||   216
Block: Shield            |     2 |    78 |   228 |    77 ||   385
